 Dungeon Crawl Stone Soup version 0.20.1-1-g8b1a95d (webtiles) character file.

231 renl the Ruffian (level 6, -12/51 HPs)
             Began as a Ghoul Gladiator on July 9, 2017.
             Killed by divine providence
             ... invoked by an orc priest
              (14 damage)
             ... on level 3 of the Dungeon.
             The game lasted 00:06:25 (2227 turns).

renl the Ruffian (Ghoul Gladiator)                  Turns: 2227, Time: 00:06:26

Health: -12/51     AC:  9    Str: 19    XL:     6   Next: 3%
Magic:  5/5        EV:  8    Int:  3    God:
Gold:   134        SH:  0    Dex: 11    Spells: 5/5 levels left

rFire    . . .     SeeInvis .     - Unarmed
rCold    + . .     Gourm    .   (no shield)
rNeg     + + +     Faith    .   r - +0 chain mail
rPois    ∞         Spirit   .   b - +0 helmet
rElec    .         Reflect  .   (no cloak)
rCorr    .         Harm     .   (no gloves)
MR       .....                  (no boots)
Stlth    ..........             (no amulet)
Regen    0.0/turn               (no ring)
MPRegen  0.1/turn               (no ring)

@: rotting
A: rotting body, claws 1, carnivore 3, cold resistance 1, negative energy
resistance 3, inhibited regeneration, torment resistance, unbreathing
a: no special abilities


You were on level 3 of the Dungeon.
You were not hungry.

You visited 1 branch of the dungeon, and saw 3 of its levels.

You collected 134 gold pieces.

Inventory:

Missiles
 c - 3 throwing nets (quivered)
Armour
 b - a +0 helmet (worn)
 r - a +0 chain mail (worn)
Scrolls
 e - 3 scrolls of immolation {unknown}
 g - 5 scrolls of identify {unknown}
 k - a scroll of recharging {unknown}
 l - 2 scrolls of magic mapping {unknown}
 m - a scroll of amnesia {unknown}
 o - a scroll of enchant armour {unknown}
 q - 2 scrolls of random uselessness {unknown}
Potions
 a - a potion of brilliance {unknown}
 i - a potion of berserk rage {unknown}
 j - a potion of curing {unknown}
 n - a potion of lignification {unknown}
 p - a potion of magic {unknown}
Comestibles
 d - 6 meat rations
 f - a royal jelly


   Skills:
 * Level 3.1 Fighting
 - Level 1.7 Throwing
 + Level 1.5 Armour
 + Level 3.1 Dodging
 * Level 6.1 Unarmed Combat


You had 5 spell levels left.
You didn't know any spells.

Dungeon Overview and Level Annotations

Branches:
Dungeon (3/15)

Altars:

Annotations:
D:3 chaoswolf's ghost, amateur DsBe


Innate Abilities, Weirdness & Mutations

Your body is rotting away.
You thrive on raw meat.
You are immune to poison.
You have sharp fingernails.
You are carnivorous and can eat meat at any time.
Your flesh is cold resistant. (rC+)
You are immune to negative energy. (rN+++)
You do not regenerate when monsters are visible.
You are immune to unholy pain and torment.
You can survive without breathing.


Message History

Your experience leads to an increase in your attributes!
Increase (S)trength, (I)ntelligence, or (D)exterity?
You feel agile.
You closely miss the orc. The orc hits you but does no damage.
You closely miss the orc. The orc hits you with a hand axe.
You scratch the orc but do no damage. You scratch the orc.
The orc is moderately wounded.
The orc hits you but does no damage.
You claw the orc!
You kill the orc!
The orc priest calls down the wrath of Beogh upon you.
Beogh smites you!
* * * LOW HITPOINT WARNING * * *
The orc priest calls down the wrath of Beogh upon you.
Beogh smites you!
* * * LOW HITPOINT WARNING * * *
The orc priest calls down the wrath of Beogh upon you.
Beogh smites you!
You die...

.#.#####......## .#.#
#........ .#.#
##......##
.#.######.####.#
..........####.####.#
.##.####..##........#
.##.####..##.#.######
)......#..#....####
###.##......#...@.#
....####.##.>.###.#
##### ######## #W# #
###########.# #
.........##.# #
........##.# #
....#..##o# ###
#....##o# ..#
#..o##.#


You could see an orc priest, chaoswolf's ghost and an orc.

Vanquished Creatures
  An orc priest (D:3)
  2 worker ants (D:3)
  6 adders
  An ooze (D:2)
  A worm (D:2)
  A dart slug (D:1)
  11 orcs (D:3)
  A ball python (D:2)
  2 giant cockroaches (D:3)
  8 goblins
  8 hobgoblins
  5 jackals (D:3)
  2 quokkas (D:2)
  9 bats
  3 frilled lizards
  12 kobolds
  8 rats
81 creatures vanquished.

Notes
Turn   | Place    | Note
-------+----------+-------------------------------------------
     0 | D:1      | renl the Ghoul Gladiator began the quest for the Orb.
     0 | D:1      | Reached XP level 1. HP: 17/17 MP: 0/0
   280 | D:1      | Reached XP level 2. HP: 18/24 MP: 1/1
   298 | D:1      | Reached skill level 4 in Unarmed Combat
   506 | D:1      | Reached XP level 3. HP: 29/29 MP: 2/2
   523 | D:1      | You fall through a shaft!
   617 | D:2      | Reached skill level 1 in Armour
   617 | D:2      | Reached XP level 4. HP: 28/37 MP: 3/3
   848 | D:2      | Reached skill level 5 in Unarmed Combat
  1513 | D:3      | Reached XP level 5. HP: 41/44 MP: 4/4
  1528 | D:3      | Noticed chaoswolf's ghost (amateur DsBe)
  2213 | D:3      | Reached skill level 6 in Unarmed Combat
  2213 | D:3      | Reached XP level 6. HP: 25/51 MP: 5/5
  2226 | D:3      | HP: 2/51 [orc priest/divine providence (11)]
  2227 | D:3      | Killed from afar by an orc priest

Skill      XL: |  1  2  3  4  5 |
---------------+----------------+-----
Unarmed Combat | 4 5 6 |  6.1
Armour         | 1 |  1.5
Dodging        | 3 |  3.1
Fighting       | 3 |  3.1
Throwing       | |  1.7

Action                   |  1- 3 |  4- 6 || total
-------------------------+-------+-------++-------
Melee: Unarmed           |    76 |   173 ||   249
       Punch             |     1 |     6 ||     7
  Eat: Chunk             |     9 |    21 ||    30
Armor: Leather armour    |    26 |    28 ||    54
       Ring mail         |       |    10 ||    10
       Chain mail        |       |     8 ||     8
       Scale mail        |       |     6 ||     6
Dodge: Dodged            |    56 |    97 ||   153
